Map: Tourmaline LE

Players

HoldTheDoor - Winner!

  • Race: Protoss Protoss
  • League: Diamond
  • Spawn Location: 7:00

Santi

  • Race: Terran Terran
  • Spawn Location: 1:00

VOD

Have the link to the VOD?

Description

Time

  • Played on: May 20, 2026, 12:30 p.m.
  • Length: 6:28
Show
View Real Time Build Order
Export as new Build Order

HoldTheDoor Protoss - Winner!

Build Orders: 1 Gate Expand 

Get SALT Encoding   

  12  0:00  Probe  
  13  0:12  Probe  
  14  0:17  Pylon  
  14  0:23  Probe  
  15  0:31  Probe  
  15  0:38  Gateway  
  15  0:39  Probe  
  17  0:50  Probe  
  17  0:53  Assimilator  
  18  1:03  Probe  
  19  1:15  Probe  
  20  1:27  Nexus  
  20  1:38  Cybernetics Core  
  20  1:43  Pylon  
  20  1:45  Probe  
  21  1:50  Assimilator  
  21  1:57  Probe  
  22  2:05  Adept  
  22  2:09  Probe  
  25  2:16  Warp Gate  
  25  2:20  Shield Battery  
  25  2:22  Pylon  
  25  2:24  Probe  
  26  2:34  Sentry  
  26  2:36  Probe  
  29  2:43  Probe  
  30  2:48  Probe  
  31  2:52  Robotics Facility  
  31  2:57  Gateway  
  31  2:59  Probe  
  31  3:04  Adept  
  34  3:13  Probe  
  34  3:18  Pylon  
  35  3:20  Probe  
  35  3:25  Probe, Gateway  
  37  3:32  Probe  
  38  3:36  Immortal  
  42  3:50  Probe  
  42  3:55  Gateway  
  43  3:56  Gateway  
  43  4:06  Adept x2  
  43  4:09  Immortal  
  47  4:23  Sentry  
  53  4:24  Pylon  
  53  4:27  Stalker  
  53  4:30  Stalker  
  57  4:44  Shield Battery  
  57  4:46  Stalker  
  57  4:52  Stalker x2  
  59  5:31  Stalker x5  
  69  6:07  Pylon  
Show
View Real Time Build Order
Export as new Build Order

Santi Terran 

Build Orders:  

Get SALT Encoding   

  12  0:02  SCV  
  13  0:25  Supply Depot  
  13  0:28  SCV  
  14  0:40  SCV  
  15  0:50  Barracks  
  15  0:55  SCV  
  16  1:01  Refinery  
  16  1:07  SCV  
  17  1:19  SCV  
  18  1:32  SCV  
  19  1:40  Bunker  
  19  1:46  Orbital Command  
  19  1:57  Bunker  
  19  1:59  Supply Depot  
  19  2:07  Barracks Reactor  
  19  2:12  SCV  
  20  2:24  SCV  
  21  2:31  Command Center  
  21  2:36  SCV  
  22  2:43  Marine x2  
  24  2:48  SCV  
  25  2:51  Factory  
  25  2:55  Refinery  
  25  3:01  SCV, Marine x2  
  28  3:07  Supply Depot  
  28  3:13  SCV  
  28  3:19  Marine x2  
  31  3:29  SCV  
  31  3:31  Supply Depot  
  32  3:37  Engineering Bay  
  32  3:40  Marine x2  
  35  3:41  SCV  
  35  3:46  Orbital Command  
  35  3:53  SCV  
  35  3:54  Supply Depot  
  36  3:58  Factory Tech Lab  
  36  4:05  SCV  
  37  4:14  Starport, SCV  
  38  4:17  SCV  
  39  4:25  Supply Depot  
  39  4:27  SCV, Siege Tank  
  39  4:29  SCV  
  39  4:30  Neosteel Armor  
  44  4:31  Marine  
  44  4:32  Marine  
  46  4:39  SCV  
  46  4:42  SCV  
  48  4:47  Missile Turret  
  48  4:51  SCV  
  49  4:54  SCV  
  49  4:56  Missile Turret  
  50  5:00  Missile Turret  
  50  5:03  SCV  
  50  5:04  Missile Turret  
  47  5:13  Siege Tank  
  44  5:14  Marine x2  
  44  5:20  Orbital Command  
  36  5:28  Liberator  
  36  5:33  Bunker  
  36  5:34  Marine x2  
  41  5:35  Bunker  
  33  5:51  Marine  
  33  5:52  Marine  
Tags
 
League
Diamond
Matchup
PvT
Replay Pack
SC2Mai2026
Spawn Locations
Cross Positions
Add a new tag
Caveats
  • Supply blocks, unpowered buildings, or Contaminate may cause inaccurate times.
  • Supply counts are checked every 10 seconds.